 Dungeon Crawl Stone Soup version 0.28.0 (webtiles) character file.

Game seed: 4453891621680948963

504 Strat the Cleaver (level 6, 50/50 HPs)
             Began as a Minotaur Gladiator on Feb 10, 2022.
             Was an Initiate of Elyvilon.
             Quit the game in the Ecumenical Temple.
             The game lasted 00:09:54 (2579 turns).

Strat the Cleaver (Minotaur Gladiator)              Turns: 2579, Time: 00:09:54

Health: 50/50      AC: 10    Str: 18    XL:     6   Next: 96%
Magic:  5/5        EV:  8    Int:  5    God:    Elyvilon [......]
Gold:   112        SH:  0    Dex: 14    Spells: 5/5 levels left

rFire   . . .      SeeInvis .   a - +0 war axe
rCold   . . .      Faith    .   (no shield)
rNeg    . . .      Spirit   .   q - +0 chain mail
rPois   .          Reflect  .   n - +2 hat
rElec   .          Harm     .   (no cloak)
rCorr   .          Rampage  .   (no gloves)
Will    .....                   (no boots)
Stlth   ..........              (no amulet)
HPRegen 0.16/turn               (no ring)
MPRegen 0.09/turn               (no ring)

@: no status effects
A: horns 2, retaliatory headbutt
a: Renounce Religion


You were in the Ecumenical Temple.
You worshipped Elyvilon.
Elyvilon was noncommittal.
You visited 2 branches of the dungeon, and saw 7 of its levels.

You collected 124 gold pieces.
You donated 12 gold pieces to Zin.

Inventory:

Hand Weapons
 a - a +0 war axe (weapon)
 b - a +0 hunting sling
 h - a +2 spear of venom
 u - a +0 hand axe of flaming
Missiles
 d - 5 throwing nets (quivered)
 e - 115 stones
 g - 6 poisoned darts
Armour
 c - a +0 hat
 j - a +0 scale mail
 n - a +2 hat (worn)
 q - a +0 chain mail (worn)
Jewellery
 m - the amulet "Heofain" {Acrobat Str-5 Int+5 Dex+4}
   (You found it on level 2 of the Dungeon)

   [amulet of the acrobat]

   It increases your evasion while moving and waiting.
   Str:       It affects your strength (-5).
   Int:       It affects your intelligence (+5).
   Dex:       It affects your dexterity (+4).
 o - a ring of poison resistance
Scrolls
 t - a scroll of amnesia {unknown}
 w - a scroll of enchant weapon {unknown}
Potions
 f - a potion of ambrosia
 i - 2 potions of might
 k - 2 potions of resistance {unknown}
 l - a potion of curing {unknown}
 p - a potion of magic {unknown}
 r - a potion of invisibility {unknown}
 s - a potion of lignification {unknown}
 v - a potion of berserk rage


   Skills:
 - Level 2.4 Fighting
 + Level 9.2 Axes
 - Level 2.0 Throwing
 + Level 2.0 Armour
 - Level 3.2 Dodging


You had 5 spell levels left.
You didn't know any spells.
Your spell library contained the following spells:

 Spells                   Type           Power      Damage    Failure   Level
 Foxfire                  Conj/Fire      0%         2x1d4     100%        1
 Static Discharge         Conj/Air       0%         N/A       100%        2
 Conjure Flame            Conj/Fire      0%         6-21      100%        3
 Inner Flame              Hex/Fire       0%         N/A       100%        3
 Summon Guardian Golem    Hex/Summ       0%         N/A       100%        3
 Tukima's Dance           Hex            0%         N/A       100%        3
 Dispel Undead            Necr           0%         3d6       100%        4
 Flame Wave               Conj/Fire      0%         2d4       100%        4
 Passage of Golubria      Tloc           0%         N/A       100%        4
 Sticky Flame             Conj/Fire      0%         2d3       100%        4
 Yara's Violent Unravell  Hex/Tmut       0%         3d3       100%        5
 Orb of Destruction       Conj           0%         9d5       100%        7
 Spellforged Servitor     Conj/Summ      0%         N/A       100%        7


Dungeon Overview and Level Annotations

Branches:
Dungeon (6/15)             Temple (1/1) D:6

Altars:
Ashenzari
Dithmenos
Elyvilon
Fedhas
Gozag
Hepliaklqana
Makhleb
Okawaru
Qazlal
Ru
Trog
Uskayaw
Vehumet
Wu Jian
Xom
Yredelemnul
Zin
The Shining One

Annotations:
D:3 3 runed translucent doors, Theoretic's ghost, amateur OpTm
D:4 3 runed translucent doors, Ijyb; boopmooplesden's ghost, amateur MiGl
D:6 Dowan; Duvessa; Sigmund


Innate Abilities, Weirdness & Mutations

You have a pair of horns on your head.
You reflexively headbutt those who attack you in melee.


Message History

The wight barely misses you.
You slash the wight!
The wight is heavily damaged.
The wight barely misses you.
You slash the wight! You headbutt the wight.
You destroy the wight!
Your Armour skill increases to level 2!
Found a blossoming altar of Fedhas.
Things that are here:
a +0 war axe; a +0 robe
Things that are here:
a +0 war axe; a +0 robe
There is a glowing silver altar of Zin here.
There is a glowing silver altar of Zin here.
Found a glowing golden altar of the Shining One.
Found a sacrificial altar of Ru.
Found a bloodstained altar of Trog and an ornate altar of the Wu Jian Council.
Found an opulent altar of Gozag.
Found a hide-covered altar of Uskayaw.
Found a shadowy altar of Dithmenos.
There is a staircase back to the Dungeon here.
Found an iron altar of Okawaru.
Found a stormy altar of Qazlal and a radiant altar of Vehumet.
Found a basalt altar of Yredelemnul.
Found a white marble altar of Elyvilon.
Found a hazy altar of Hepliaklqana.
There is a glowing silver altar of Zin here.
You kneel at the altar of Zin.
Zin welcomes you!
You pay a tithe of 12 gold.
You can now recite Zin's Axioms of Law.
You can now donate money to Zin.
There is a white marble altar of Elyvilon here.
You kneel at the altar of Elyvilon.
You have lost your religion!
Elyvilon welcomes you!
Zin says: Farewell.
Go and aid the meek with Elyvilon.
There is a staircase back to the Dungeon here.
Search for what [? for help]?
Okay, then.
Are you sure you want to abandon this character and quit the game? (Confirm with "yes".)

##≈≈≈.._..≈≈≈##
##########≈≈≈......_≈≈≈##########
≈≈≈≈≈≈≈≈≈≈≈≈.._...≈≈≈≈≈≈≈≈≈≈≈≈≈≈≈
._...._.≈≈≈.....≈≈≈≈≈≈≈≈≈.._.....
≈..._..≈≈≈≈....≈≈≈≈≈.........._..
≈≈......≈≈≈....≈................≈
≈≈≈......≈≈≈........≈≈≈≈≈≈._...≈≈
#≈≈≈≈......≈≈≈.........≈≈≈≈≈≈.≈≈#
##≈≈≈≈≈≈........@........≈≈≈≈≈≈##
#≈≈.≈≈≈≈≈≈.....)...≈≈≈......≈≈≈≈#
≈≈..._.≈≈≈≈≈≈........≈≈≈......≈≈≈
≈................≈....≈≈≈......≈≈
.._..........≈≈≈≈≈....≈≈≈≈.._...≈
....._..≈≈≈≈≈≈≈≈≈.....≈≈≈._...._.
≈≈≈≈≈≈≈≈≈≈≈≈≈≈..._..≈≈≈≈≈≈≈≈≈≈≈≈
########≈≈≈_......≈≈≈##########
##≈≈≈.._..≈≈≈##


There were no monsters in sight!

Vanquished Creatures
  A phantom (D:5)
  A wyvern zombie (D:5)
  A wight (Temple)
  A howler monkey (D:5)
  A hound (D:4)
  A bullfrog skeleton (D:4)
  A gnoll shaman (D:5)
  A centaur skeleton (D:5)
  4 gnolls (D:5)
  7 adders
  A shadow imp (D:5)
  2 adder skeletons (D:5)
  A worm (D:5)
  2 dart slugs (D:1)
  6 orcs
  3 endoplasms
  2 giant cockroaches (D:2)
  4 hobgoblins
  A quokka (D:3)
  4 ball pythons (D:1)
  3 bats
  6 goblins
  5 kobolds
  A rat (D:2)
60 creatures vanquished.

Notes
Turn   | Place    | Note
-------+----------+-------------------------------------------
     0 | D:1      | Strat the Minotaur Gladiator began the quest for the Orb.
     0 | D:1      | Reached XP level 1. HP: 18/18 MP: 0/0
    11 | D:1      | Reached skill level 4 in Axes
   137 | D:1      | Found a faded altar of an unknown god.
   155 | D:1      | Reached XP level 2. HP: 17/25 MP: 1/1
   290 | D:2      | Reached skill level 5 in Axes
   296 | D:2      | Reached XP level 3. HP: 15/30 MP: 2/2
   354 | D:2      | Reached XP level 4. HP: 21/37 MP: 3/3
   358 | D:2      | Reached skill level 6 in Axes
   472 | D:2      | Identified the amulet "Heofain" {Acrobat Str-5 Int+5 Dex+4}
   860 | D:3      | Found a runed translucent gate.
   898 | D:3      | Noticed Theoretic's ghost (amateur OpTm)
   899 | D:3      | Found a runed translucent gate.
   899 | D:3      | Found a runed translucent gate.
  1162 | D:4      | Found a runed translucent gate.
  1162 | D:4      | Found a runed translucent gate.
  1162 | D:4      | Found a runed translucent gate.
  1163 | D:4      | Noticed boopmooplesden's ghost (amateur MiGl)
  1238 | D:4      | Reached skill level 7 in Axes
  1238 | D:4      | Reached XP level 5. HP: 40/42 MP: 4/4
  1238 | D:4      | Noticed Ijyb
  1467 | D:5      | Entered Level 5 of the Dungeon
  1636 | D:5      | Reached skill level 8 in Axes
  1755 | D:5      | Reached XP level 6. HP: 43/50 MP: 5/5
  1839 | D:6      | Found a staircase to the Ecumenical Temple.
  1910 | D:6      | Noticed Duvessa
  1910 | D:6      | Noticed Dowan
  2041 | D:5      | Reached skill level 9 in Axes
  2109 | D:6      | Noticed a sky beast
  2117 | D:6      | Noticed Sigmund
  2211 | D:5      | Reached skill level 1 in Armour
  2474 | Temple   | Entered the Ecumenical Temple
  2544 | Temple   | Became a worshipper of Zin the Law-Giver
  2544 | Temple   | Reached * piety under Zin
  2564 | Temple   | Fell from the grace of Zin
  2564 | Temple   | Became a worshipper of Elyvilon the Healer
  2579 | Temple   | Quit the game

Illustrated notes

Levels and vault maps discovered:
D:1:      dpeg_arrival_pits, layout_basic, hellmonk_ecumenical_altar_crossroads,
          chequers_serial_rivers_large_a
D:2:      layout_rooms
D:3:      layout_basic, biasface_ghost_orc_armoury
D:4:      layout_loops_cross, ebering_ghost_rock_garden, uniq_grinder, uniq_ijyb
D:5:      layout_cave_pods, tgw_sif, minmay_quadrilaterals
D:6:      layout_cave_pools, minmay_temple_entry_sparse_star, uniq_duvessa,
          uniq_blork_the_orc, uniq_maggie, uniq_sigmund
Temple:   hc_temple_tempest_star

Skill      XL: |  1  2  3  4  5  6 |
---------------+-------------------+-----
Axes           | 4 5 7 8 9 |  9.2
Armour         | 2 |  2.0
Fighting       | |  2.4
Throwing       | |  2.0
Dodging        | |  3.2

Action                   |  1- 3 |  4- 6 || total
-------------------------+-------+-------++-------
Melee: War axe           |    49 |    86 ||   135
       Headbutt          |     6 |    16 ||    22
       Punch             |     1 |     2 ||     3
 Fire: Hunting sling     |       |    10 ||    10
  Use: Scroll            |       |     4 ||     4
Armor: Leather armour    |     8 |       ||     8
       Scale mail        |    22 |    10 ||    32
       Chain mail        |       |    22 ||    22
Dodge: Dodged            |    43 |    38 ||    81
